 Dungeon Crawl Stone Soup version 0.22.1-1-ga44c0e5 (webtiles) character file.

69 Folque the Vandal (level 4, 0/31 HPs)
             Began as a Halfling Hunter on Sept 25, 2018.
             Killed from afar by an orc wizard (9 damage)
             ... with a magic dart
             ... on level 3 of the Dungeon.
             The game lasted 00:06:43 (2382 turns).

Folque the Vandal (Halfling Hunter)                 Turns: 2382, Time: 00:06:43

Health: 0/31       AC:  4    Str: 13    XL:     4   Next: 42%
Magic:  4/4        EV: 14    Int:  9    God:
Gold:   127        SH:  0    Dex: 15    Spells: 3/3 levels left

rFire    . . .     SeeInvis .   e - +1 short sword (venom)
rCold    . . .     Gourm    +   (shield restricted)
rNeg     . . .     Faith    .   c - +0 leather armour
rPois    .         Spirit   .   (no helmet)
rElec    .         Reflect  .   (no cloak)
rCorr    .         Harm     .   j - +0 pair of gloves
MR       .....                  (no boots)
Stlth    ++........             n - amulet of the gourmand
HPRegen  0.10/turn              (no ring)
MPRegen  0.09/turn              (no ring)

@: no status effects
A: small, mutation resistance 1
a: no special abilities


You were on level 3 of the Dungeon.
You were full.

You visited 1 branch of the dungeon, and saw 3 of its levels.

You collected 127 gold pieces.

Inventory:

Hand Weapons
 b - a +0 short sword
 e - a +1 short sword of venom (weapon)
 w - a +1 hunting sling
Missiles
 a - 69 stones (quivered)
 q - 30 sling bullets
Armour
 c - a +0 leather armour (worn)
 j - a +0 pair of gloves (worn)
Jewellery
 i - an uncursed ring of ice {unknown}
 n - an amulet of the gourmand (around neck)
Scrolls
 g - 3 scrolls of fog
 k - 2 scrolls of identify
 l - a scroll of amnesia
 m - a scroll of teleportation {unknown}
 o - 2 scrolls of magic mapping {unknown}
Potions
 d - a potion of berserk rage
 h - a potion of ambrosia {unknown}
Comestibles
 f - 4 rations


   Skills:
 - Level 3.3 Fighting
 + Level 0.2 Short Blades
 * Level 6.7 Slings
 - Level 2.1 Dodging
 - Level 1.1 Stealth


You had 3 spell levels left.
You didn't know any spells.
Your spell library was empty.

Dungeon Overview and Level Annotations

Branches:
Dungeon (3/15)

Altars:


Innate Abilities, Weirdness & Mutations

You are small and have problems with some larger weapons.
You are somewhat resistant to further mutation.


Message History

The orc hits you with a short sword. The orc closely misses you.
You hit the orc but do no damage.
The orc is poisoned.
The orc is almost dead.
You kill the orc!
The orc hits you.
You hit the orc wizard but do no damage.
The orc wizard is poisoned.
The orc barely misses you. The orc hits you.
The orc wizard gestures at you while chanting.
The magic dart hits you!
You barely miss the orc wizard.
The orc wizard is moderately wounded.
The orc barely misses you. The orc misses you.
The orc wizard hits you with a dagger.
* * * LOW HITPOINT WARNING * * *
You hit the orc wizard.
The orc wizard is moderately wounded.
The orc barely misses you. The orc hits you but does no damage.
The orc wizard casts a spell at you. The magic dart hits you!
You die...

##### ....
#+#+#+#..
......o.#######
......o@.......
....(.o########
...(... .......
....... .......
....... #######


You could see an orc wizard and 2 orcs.

Vanquished Creatures
  2 adders (D:2)
  A worm (D:2)
  A dart slug (D:1)
  A leopard gecko (D:2)
  2 orcs (D:3)
  A giant cockroach (D:2)
  7 goblins
  7 hobgoblins
  2 jackals (D:2)
  7 bats
  A frilled lizard (D:1)
  6 kobolds
  3 rats
41 creatures vanquished.

Notes
Turn   | Place    | Note
-------+----------+-------------------------------------------
     0 | D:1      | Folque the Halfling Hunter began the quest for the Orb.
     0 | D:1      | Reached XP level 1. HP: 14/14 MP: 1/1
   169 | D:1      | Reached skill level 6 in Slings
   173 | D:1      | Reached XP level 2. HP: 9/19 MP: 2/2
  1157 | D:1      | Reached XP level 3. HP: 25/25 MP: 3/3
  1901 | D:2      | Reached XP level 4. HP: 24/31 MP: 4/4
  2382 | D:3      | Killed from afar by an orc wizard

Skill      XL: |  1  2  3 |
---------------+----------+-----
Fighting       | 2 3 |  3.3
Slings         | 6 |  6.7
Short Blades   | |  0.2
Dodging        | |  2.1
Stealth        | |  1.1

Action                   |  1- 3 |  4- 6 || total
-------------------------+-------+-------++-------
Melee: Short sword       |   119 |    14 ||   133
 Fire: Hunting sling     |     7 |     6 ||    13
  Use: Scroll            |     5 |       ||     5
 Stab: Sleeping          |     2 |       ||     2
  Eat: Chunk             |    11 |     4 ||    15
Armor: Leather armour    |    38 |     2 ||    40
Dodge: Dodged            |    78 |    13 ||    91
